details: 'Replay_2009_09_19_2215'

« prev index next »

General information

Mini Map

Players

team 1
Random» UndeadILoveToFlip (red | 136 APM | 2767 actions | 20:20)
Hero icon 5 Death Knight
Ability icon 3 Death Coil
Ability icon 2 Unholy Aura
Hero icon 5 Lich
Ability icon 3 Frost Nova
Ability icon 1 Frost Armor
Ability icon 1 Dark Ritual

» actions
Assign group hotkey36
Basic commands35
Build / train63
ESC pressed2
Enter build submenu16
Enter hero's abilities submenu11
Give item / drop item10
Remove unit from queue1
Right click1513
Select / deselect634
Select group hotkey341
Use ability105
2767 total
» units
Acolyte8
Ghoul9
Crypt Fiend10
Obsidian Statue4
Gargoyle1
32 total
» upgrades
Web1
Ghoul Frenzy1
Burrow1
3 total
» buildings
Crypt2
Altar of Darkness1
Ziggurat5
Tomb of Relics1
Nerubian Tower1
Halls of the Dead1
Graveyard1
Black Citadel1
Sacrificial Pit1
Slaughterhouse1
15 total
» build order
00:12 Crypt
00:16 Altar of Darkness
00:23 Ziggurat
01:05 Tomb of Relics
01:37 Ziggurat
02:57 Nerubian Tower
04:07 Halls of the Dead
04:12 Graveyard
04:25 Ziggurat
06:28 Black Citadel
07:15 Sacrificial Pit
08:53 Slaughterhouse
10:13 Crypt
13:01 Ziggurat
13:44 Ziggurat
» items
Rod of Necromancy3
Dust of Appearance2
Boots of Speed3
Potion of Healing2
Orb of Corruption1
Potion of Mana1
12 total
team 2
OrcSoNg.A)Mrw (green | 92 APM | 1865 actions | 20:18)
Hero icon 4 Blademaster
Ability icon 2 Wind Walk
Ability icon 2 Critical Strike
Hero icon 2 Shadow Hunter
Ability icon 1 Hex
Ability icon 1 Healing Wave

» actions
Assign group hotkey41
Basic commands106
Build / train64
Enter build submenu13
Enter hero's abilities submenu6
Give item / drop item1
Remove unit from queue2
Right click623
Select / deselect318
Select group hotkey592
Use ability99
1865 total
» units
Peon11
Wind Rider14
Spirit Walker2
27 total
» upgrades
Ranged Weapons2
Armor1
Envenomed Spears1
Reinforced Defenses1
5 total
» buildings
Altar of Storms1
Orc Burrow5
War Mill1
Voodoo Lounge1
Watch Tower2
Stronghold1
Beastiary2
Fortress2
Spirit Lodge1
16 total
» build order
00:07 Altar of Storms
00:20 Orc Burrow
00:39 War Mill
01:05 Voodoo Lounge
01:53 Watch Tower
02:43 Stronghold
03:04 Watch Tower
03:07 Orc Burrow
03:57 Orc Burrow
05:07 Beastiary
05:10 Beastiary
05:11 Fortress
05:11 Fortress
06:37 Orc Burrow
07:13 Orc Burrow
08:32 Spirit Lodge
» items
Healing Salve1
Lesser Clarity Potion7
Boots of Speed3
Circlet of Nobility2
Orb of Lightning1
Tiny Great Hall1
15 total